 Dungeon Crawl Stone Soup version 0.24-a0-335-g06ca16a (webtiles) character file.

Game seed: 606673390300000628

193 Gorice the Conjurer (level 6, -5/32 HPs)
             Began as a Kobold Conjurer on May 18, 2019.
             Killed by divine providence
             ... invoked by an orc priest
              (11 damage)
             ... on level 4 of the Dungeon.
             The game lasted 00:14:28 (3264 turns).

Gorice the Conjurer (Kobold Conjurer)               Turns: 3264, Time: 00:14:29

Health: -5/32      AC:  4    Str:  5    XL:     6   Next: 3%
Magic:  7/11       EV: 15    Int: 18    God:
Gold:   167        SH:  0    Dex: 16    Spells: 6/12 levels left

rFire    . . .     SeeInvis +   a - +0 short sword
rCold    . . .     Gourm    .   (shield restricted)
rNeg     . . .     Faith    .   e - +0 robe
rPois    .         Spirit   .   (no helmet)
rElec    .         Reflect  .   (no cloak)
rCorr    .         Harm     .   k - +1 pair of gloves
MR       .....                  (no boots)
Stlth    ++........             (no amulet)
HPRegen  0.10/turn              i - ring of see invisible
MPRegen  0.12/turn              (no ring)

@: no status effects
A: small, carnivore
a: no special abilities


You were on level 4 of the Dungeon.
You were completely stuffed.

You visited 1 branch of the dungeon, and saw 4 of its levels.

You collected 167 gold pieces.

Inventory:

Hand Weapons
 a - a +0 short sword (weapon)
 h - a +0 whip
 q - a +0 dagger
 u - a +0 hunting sling
Missiles
 p - 10 poisoned darts (quivered)
 Y - 187 stones
Armour
 e - a +0 robe (worn)
 k - a +1 pair of gloves (worn)
 m - a +0 ring mail
Magical Staves
 n - an uncursed staff of air
Jewellery
 i - a ring of see invisible (left hand)
Wands
 r - a wand of polymorph (8)
Scrolls
 b - 2 scrolls of enchant armour
 g - a scroll of teleportation {unknown}
 j - a scroll of immolation {!r}
Potions
 f - a potion of flight {unknown}
 l - 2 potions of lignification {!q}
 s - a potion of might {unknown}
 t - 2 potions of cancellation {unknown}
Comestibles
 c - 6 rations
 d - 2 chunks of flesh


   Skills:
 - Level 2.4 Dodging
 - Level 2.6 Stealth
 + Level 3.6 Spellcasting
 * Level 5.8 Conjurations
 + Level 1.3 Hexes


You had 6 spell levels left.
You knew the following spells:

 Your Spells              Type           Power        Failure   Level  Hunger
a - Magic Dart            Conj           ###.         1%          1    None
b - Searing Ray           Conj           ###...       1%          2    ##.....
c - Dazzling Spray        Conj/Hex       ###...       11%         3    ###....

Your spell library contained the following spells:

 Spells                   Type           Power        Failure   Level  Hunger
 Iskenderun's Mystic Bla  Conj           ###.....     14%         4    ####...
 Fulminant Prism          Conj/Hex       ###.......   34%         4    ####...
 Force Lance              Conj/Tloc      ##......     41%         4    ####...


Dungeon Overview and Level Annotations

Branches:
Dungeon (4/15)
 Temple: D:4-7

Altars:
Fedhas

Annotations:
D:4 1 transporter


Innate Abilities, Weirdness & Mutations

You are small and have problems with some larger weapons.
You are carnivorous and can eat meat at any time.


Message History

There is a stone staircase leading down here.
You start resting.
Magic restored.
You climb downwards.
Level annotation: 1 transporter
There is a stone staircase leading up here.
Things that are here:
a +0 war axe; an orc corpse You butcher the orc corpse.
d - 2 chunks of flesh
Things that are here:
a +0 war axe; an orc skeleton
c - 6 rations (gained 1)
Found 11 gold pieces.
g - a scroll labeled KENLAO IGRINAPN You now have 167 gold pieces (gained 11). 2 orcs and an orc priest come into view.
The orc shouts!
The orc priest shouts!
You hear a shout!
Casting: Searing Ray (safe; 1% risk of failure)
Confirm with . or Enter, or press ? or * to list all spells.
Aiming: Searing Ray (safe; 1% risk of failure)
Press: ? - help, Shift-Dir - straight line, f - orc priest
Aim: an orc priest, wielding a -3 hand axe The searing ray hits the orc priest.
The orc priest is lightly wounded. (Press . to maintain the ray.)
The orc priest calls down the wrath of Beogh upon you.
Pain shoots through your body!
Damage: 2 (max 2)
The searing ray hits the orc priest.
The orc priest is heavily wounded.
The orc priest invokes the aid of Beogh against you.
Beogh smites you!
You hear a shout!
Damage: 13 (max 13)
The searing ray misses the orc priest.
The searing ray hits the orc!
The orc is almost dead.
You finish channeling your searing ray.
An orc priest comes into view. It is wielding a +0 dagger.
The orc priest calls down the wrath of Beogh upon you.
You barely resist.
The orc priest calls down the wrath of Beogh upon you.
Beogh smites you!
* * * LOW HITPOINT WARNING * * *
There is a stone staircase leading up here.
Damage: 12 (max 13)
The orc priest calls down the wrath of Beogh upon you.
Beogh smites you!
You die...

.....##.#..##☼○○○○°
#.........##○○..○.
#...##.#...#°°#.#.
#.........©#.○©!..
#.#.#).#...#○☼#.#.
#.#.#......#○○.☼○○
##..........#.○.○○○
#...<.......########
#..#.#.#.##..@.....##
#............o.......
#............o.......
#...##.#.............
.###...##.####o#.#..####
.......##.# #o###..#
.......##.####.###o.####.
.........................
####...........###.o#####


You could see 2 orc priests and 3 orcs.

Vanquished Creatures
  An orc priest (D:3)
  Jessica (D:3)
  4 adders
  2 oozes
  2 worms (D:2)
  A dart slug (D:3)
  A leopard gecko (D:2)
  3 orcs
  2 ball pythons
  12 bats
  3 giant cockroaches (D:2)
  14 goblins
  10 hobgoblins
  A quokka (D:2)
  3 frilled lizards
  11 kobolds
  9 rats
80 creatures vanquished.

Notes
Turn   | Place    | Note
-------+----------+-------------------------------------------
     0 | D:1      | Gorice the Kobold Conjurer began the quest for the Orb.
     0 | D:1      | Reached XP level 1. HP: 10/10 MP: 3/3
    81 | D:1      | Reached XP level 2. HP: 15/15 MP: 0/5
   447 | D:1      | Reached XP level 3. HP: 19/19 MP: 2/6
   465 | D:1      | Learned a level 2 spell: Searing Ray
  1258 | D:2      | Reached XP level 4. HP: 21/24 MP: 4/8
  1342 | D:2      | Reached skill level 3 in Spellcasting
  1342 | D:2      | Reached skill level 5 in Conjurations
  1344 | D:2      | Found a faded altar of an unknown god.
  2232 | D:2      | Found a blossoming altar of Fedhas.
  2282 | D:2      | Learned a level 3 spell: Dazzling Spray
  2440 | D:3      | Reached XP level 5. HP: 28/28 MP: 6/9
  2893 | D:3      | Noticed Jessica
  2904 | D:3      | Killed Jessica
  2904 | D:3      | Reached skill level 1 in Hexes
  3068 | D:4      | Found a transporter.
  3138 | D:3      | Reached XP level 6. HP: 32/32 MP: 3/11
  3263 | D:4      | HP: 6/32 [orc priest/divine providence (12)]
  3264 | D:4      | Killed from afar by an orc priest

Levels and vault maps discovered:
D:1:      lemuel_arrival_rhombus, layout_loops_ring
D:2:      layout_rooms, first_ration, chequers_ecumenical_altar_twisty,
          skrybe_limestone_x, st_stairs_11, grunt_ministairs_12, fedhas_altar_4
D:3:      layout_loops_ring, uniq_jessica
D:4:      gammafunk_cloud_chamber, layout_basic

Skill      XL: |  1  2  3  4  5 |
---------------+----------------+-----
Spellcasting   | 3 |  3.6
Conjurations   | 5 |  5.8
Hexes          | 1 |  1.3
Dodging        | |  2.4
Stealth        | |  2.6

Action                   |  1- 3 |  4- 6 || total
-------------------------+-------+-------++-------
Melee: Dagger            |     3 |    23 ||    26
       Short sword       |       |     1 ||     1
 Cast: Magic Dart        |    59 |    92 ||   151
       Searing Ray       |       |     5 ||     5
       Dazzling Spray    |       |     1 ||     1
  Use: Scroll            |       |     7 ||     7
 Stab: Sleeping          |     1 |     2 ||     3
  Eat: Chunk             |    10 |     6 ||    16
Armor: Robe              |     5 |    11 ||    16
Dodge: Dodged            |     6 |    32 ||    38

Table legend:
 A = Non-vault XP
 B = Vault XP
 C = Vault XP percentage of total XP
 D = Non-vault monster count
 E = Vault monster count
 F = Vault count percentage of total count
                 A         B        C        D         E       F
            +---------+---------+-------+---------+---------+-------
      Total |     235 |      42 |  15.2 |      76 |       4 |   5.0
            +---------+---------+-------+---------+---------+-------
        D:1 |      41 |       0 |   0.0 |      20 |       0 |   0.0
        D:2 |      74 |       5 |   6.3 |      27 |       3 |  10.0
        D:3 |      98 |      37 |  27.4 |      26 |       1 |   3.7
        D:4 |      22 |       0 |   0.0 |       3 |       0 |   0.0
            +---------+---------+-------+---------+---------+-------

Table legend:
 A = Turns spent in this place as a percentage of turns spent in the entire game.
 B = Non-inter-level travel turns spent in this place as a percentage of non-inter-level travel turns spent in the entire game.
 C = Inter-level travel turns spent in this place as a percentage of turns spent in this place.
 D = Turns resting spent in this place as a percentage of non-inter-level travel turns spent in this place.
 E = Turns spent auto-exploring this place as a percentage of non-inter-level travel turns spent in this place.
 F = Non-inter-level travel turns spent in this place divided by the number of levels of this place that you've seen.
                   A       B       C       D       E      F
               +-------+-------+-------+-------+-------+----------------------
         Total | 100.0 | 100.0 |   1.8 |  34.8 |  36.0 | 801.5
       Dungeon | 100.0 | 100.0 |   1.8 |  34.8 |  36.0 | 801.5
               +-------+-------+-------+-------+-------+----------------------

Levels and vault maps discovered:
D:1:      lemuel_arrival_rhombus, layout_loops_ring
D:2:      layout_rooms, first_ration, chequers_ecumenical_altar_twisty,
          skrybe_limestone_x, st_stairs_11, grunt_ministairs_12, fedhas_altar_4
D:3:      layout_loops_ring, uniq_jessica
D:4:      gammafunk_cloud_chamber, layout_basic
